Map: 世界主宰-天梯版

Players

iGXY (XY) - Winner!

  • Race: Terran Terran
  • League: Master

iGCoffeeMs (Coffee)

  • Race: Terran Terran

Event: DreamHack SC2 Masters 2021 Winter

VOD

Have the link to the VOD?

Description

Time

  • Played on: Oct. 6, 2021, 10:17 a.m.
  • Length: 16:46

All games in this series

Show
View Real Time Build Order
Export as new Build Order

iGXY Terran - Winner!

Build Orders:  

Get SALT Encoding   

  12  0:00  SCV  
  13  0:12  SCV  
  14  0:17  Supply Depot  
  14  0:24  SCV  
  15  0:38  SCV  
  15  0:40  Barracks  
  16  0:43  Refinery  
  16  0:50  SCV  
  17  1:03  SCV  
  18  1:15  SCV  
  19  1:26  Marine  
  19  1:27  Orbital Command  
  20  1:43  Command Center  
  20  1:46  Reaper  
  21  1:53  SCV  
  22  1:55  Supply Depot  
  22  2:05  SCV  
  23  2:09  Factory  
  23  2:17  SCV  
  23  2:18  Marine  
  25  2:28  Bunker  
  25  2:29  SCV  
  26  2:35  Marine  
  27  2:38  Refinery  
  27  2:41  SCV  
  28  2:53  SCV  
  28  2:55  Orbital Command  
  28  2:57  Hellion  
  30  2:58  Marine  
  30  3:01  Starport  
  31  3:06  SCV  
  32  3:17  Barracks Reactor  
  32  3:18  SCV, Factory Tech Lab  
  33  3:21  SCV  
  34  3:30  SCV  
  34  3:33  SCV  
  36  3:34  Refinery  
  36  3:37  Siege Tank  
  39  3:42  SCV  
  39  3:43  Supply Depot  
  39  3:45  SCV, Viking  
  43  3:54  SCV  
  43  3:55  Supply Depot, Marine  
  45  3:56  Marine  
  46  4:05  SCV  
  46  4:07  SCV  
  48  4:12  Command Center  
  48  4:20  Marine  
  48  4:22  Marine  
  45  4:26  SCV  
  45  4:27  SCV  
  47  4:38  SCV, Marine  
  48  4:40  Marine  
  48  4:41  Raven  
  48  4:44  Factory Tech Lab  
  48  4:45  SCV  
  53  4:47  Barracks  
  53  4:50  SCV  
  53  4:51  Refinery  
  54  4:55  Marine  
  54  4:57  SCV  
  54  4:58  Marine  
  54  4:59  Supply Depot  
  57  5:03  SCV, Siege Tank  
  61  5:09  SCV  
  62  5:20  SCV, Marine x2  
  66  5:21  SCV  
  66  5:22  Supply Depot  
  66  5:23  Supply Depot  
  66  5:24  Raven  
  66  5:26  Orbital Command  
  68  5:35  Siege Tank  
  71  5:36  SCV  
  71  5:38  Marine x2  
  74  5:43  SCV  
  74  5:45  Barracks Tech Lab  
  74  5:48  Barracks  
  75  5:50  SCV  
  75  5:51  Engineering Bay  
  75  5:52  Engineering Bay  
  78  6:04  SCV  
  78  6:07  Siege Tank  
  78  6:09  Stimpack  
  78  6:10  SCV  
  81  6:15  SCV  
  82  6:19  Viking x2, Marine  
  82  6:20  Combat Shield, Marine  
  82  6:22  Terran Infantry Weapons Level 1, Terran Infantry Armor Level 1  
  82  6:23  SCV x2  
  90  6:30  Orbital Command  
  90  6:35  SCV  
  90  6:37  Marine x2  
  93  6:44  Siege Tank  
  96  6:49  Barracks Reactor  
  96  6:50  Barracks  
  96  6:51  Viking x2  
  96  6:52  SCV, Barracks  
  101  6:55  Supply Depot  
  101  6:57  SCV x2, Marine x2  
  105  7:04  SCV  
  105  7:08  Sensor Tower  
  106  7:11  Refinery  
  106  7:14  Refinery  
  106  7:19  Marine x2  
  106  7:20  SCV  
  106  7:21  SCV  
  108  7:23  SCV  
  108  7:24  Armory  
  108  7:28  Marine x2  
  108  7:29  Supply Depot  
  111  7:30  Supply Depot  
  111  7:32  SCV  
  111  7:34  SCV, Siege Tank  
  111  7:36  SCV  
  111  7:37  Missile Turret  
  117  7:39  Barracks Reactor  
  117  7:41  Barracks Reactor  
  117  7:43  Supply Depot  
  114  7:44  SCV  
  114  7:45  Marine  
  114  7:46  Marine x2  
  114  7:49  SCV  
  119  7:53  Barracks Reactor, Medivac x2  
  119  7:57  SCV x2  
  125  8:01  SCV  
  125  8:03  Marine  
  125  8:04  Marine  
  128  8:07  Marine  
  128  8:11  Siege Tank  
  122  8:21  Marine x2  
  122  8:24  Marine x2  
  122  8:25  Marine  
  108  8:27  Marine x2  
  108  8:29  Viking  
  108  8:32  Marine x2  
  108  8:34  Terran Infantry Weapons Level 2  
  113  8:35  Terran Infantry Armor Level 2  
  111  8:42  Marine x4  
  111  8:43  Siege Tank  
  111  8:46  Medivac  
  120  8:49  Marine x2  
  120  8:52  Marine x2  
  120  8:53  Marine  
  125  8:58  Terran Vehicle Weapons Level 1  
  125  9:00  Marine  
  125  9:01  Marine  
  127  9:03  Command Center, Marine  
  127  9:07  Marine  
  130  9:11  Sensor Tower  
  130  9:16  Siege Tank, Marine x3  
  136  9:19  Marine x2  
  136  9:24  Factory, Marine x2  
  140  9:36  Marine x3  
  142  9:39  Marine  
  142  9:43  Starport  
  142  9:44  Starport  
  141  9:47  SCV x2  
  141  9:48  Siege Tank  
  141  9:50  Marine x2  
  130  9:56  Marine x2  
  130  9:58  SCV  
  130  9:59  SCV x2  
  133  10:04  Marine  
  133  10:09  Viking x2  
  133  10:11  SCV x2  
  133  10:12  SCV  
  133  10:13  Siege Tank  
  143  10:15  Refinery  
  143  10:17  Refinery  
  143  10:18  Planetary Fortress  
  143  10:20  Siege Tank, Starport Tech Lab  
  146  10:21  Starport Tech Lab  
  146  10:32  Supply Depot  
  146  10:33  Supply Depot  
  146  10:39  Corvid Reactor  
  146  10:41  Viking x2  
  150  10:43  Viking  
  150  10:45  Siege Tank  
  155  10:54  Siege Tank, Marine x2  
  155  10:55  Marine  
  155  11:02  Command Center, Marine  
  152  11:08  Marine x5  
  152  11:10  Sensor Tower, Viking  
  152  11:11  Viking  
  152  11:12  Marine  
  152  11:15  SCV x2  
  152  11:17  Siege Tank  
  152  11:19  Terran Infantry Weapons Level 3  
  152  11:23  SCV  
  152  11:24  Marine x2  
  155  11:27  Terran Infantry Armor Level 3  
  155  11:37  Viking x2  
  155  11:38  Marine x4  
  163  11:40  Viking  
  163  11:41  SCV x2  
  163  11:42  SCV  
  168  11:53  Marine x2  
  161  11:59  Viking  
  161  12:00  Marine x2  
  158  12:01  Marine x3  
  158  12:04  Marine x2  
  158  12:07  Siege Tank, Raven  
  166  12:10  Siege Tank, Raven  
  171  12:16  Marine x2  
  171  12:18  Marine  
  168  12:31  Marine x2  
  168  12:35  Marine x3  
  168  12:36  Marine x3  
  161  12:38  Marine  
  161  12:39  Siege Tank  
  153  12:44  Viking x2  
  153  12:49  Marine x2  
  153  12:50  Raven  
  161  12:52  Command Center x2  
  161  12:53  Raven, Marine x3  
  161  12:54  Marine  
  161  12:55  Marine x2  
  161  12:56  Marauder, Siege Tank  
  174  12:59  Refinery  
  174  13:01  SCV x2, Refinery  
  174  13:02  SCV  
  165  13:09  Marine  
  165  13:10  Marine x3  
  165  13:11  Marine  
  165  13:12  Siege Tank  
  170  13:22  Viking x2  
  170  13:23  Planetary Fortress  
  170  13:25  Marine x3  
  171  13:27  Marine x2  
  171  13:28  Siege Tank  
  171  13:32  Raven  
  176  13:41  Terran Vehicle Weapons Level 2  
  176  13:46  Siege Tank  
  179  13:49  Command Center  
  179  13:51  Medivac  
  179  13:52  Medivac, Marine x2  
  179  13:53  Raven  
  181  14:12  Siege Tank  
  181  14:15  Raven, Marine x2  
  167  14:17  Marine x2  
  167  14:18  Marine  
  167  14:19  Siege Tank  
  167  14:21  Viking x2  
  169  14:24  Marine x4  
  162  14:33  Marine x2  
  162  14:34  Orbital Command x2  
  162  14:35  Marine x3  
  162  14:36  Raven  
  162  14:37  Hi-Sec Auto Tracking  
  169  14:42  Marine x2  
  169  14:44  Siege Tank  
  175  14:51  Liberator, Marine  
  175  14:52  Sensor Tower  
  179  14:56  Viking  
  179  14:58  Raven  
  182  15:04  Command Center  
  182  15:05  Siege Tank  
  185  15:12  Planetary Fortress  
  185  15:16  Siege Tank  
  185  15:19  Raven  
  188  15:24  Marine  
  162  15:37  Marine x3  
  162  15:38  Siege Tank, Viking, Marine  
  162  15:39  Marine x4  
  162  15:41  Raven, Marine  
  177  15:48  Siege Tank  
  179  15:52  SCV  
  179  15:55  Marine x4  
  179  15:57  Marine x4  
  184  15:59  Marine  
  189  16:10  Siege Tank  
  192  16:13  Marine x4  
  192  16:14  Marine x2  
  192  16:15  Marine x2  
Show
View Real Time Build Order
Export as new Build Order

iGCoffeeMs Terran 

Build Orders:  

Get SALT Encoding   

  12  0:00  SCV  
  13  0:12  SCV  
  14  0:16  Supply Depot  
  14  0:24  SCV  
  15  0:38  SCV  
  15  0:40  Barracks  
  16  0:43  Refinery  
  16  0:50  SCV  
  16  0:53  Refinery  
  17  1:02  SCV  
  18  1:14  SCV  
  19  1:27  Reaper, Orbital Command  
  19  1:29  Supply Depot  
  20  1:43  Factory  
  20  1:53  SCV  
  21  1:59  Reaper  
  22  2:05  SCV  
  23  2:17  SCV  
  24  2:28  Hellion  
  25  2:30  Command Center  
  25  2:33  SCV  
  25  2:35  Barracks Reactor  
  26  2:43  Starport  
  26  2:48  SCV  
  27  2:55  Supply Depot, Factory Tech Lab  
  27  3:00  SCV  
  28  3:12  SCV, Marine x2  
  30  3:19  Siege Tank  
  34  3:23  Medivac  
  34  3:25  SCV  
  37  3:33  Marine x2  
  39  3:42  SCV, Orbital Command  
  40  3:49  Refinery  
  40  3:54  SCV, Starport Tech Lab  
  41  3:56  Marine x2  
  41  4:01  Cyclone  
  46  4:06  SCV  
  46  4:08  SCV  
  48  4:13  Supply Depot  
  48  4:18  SCV  
  49  4:24  Marine  
  49  4:25  Marine  
  49  4:28  Raven  
  49  4:30  SCV x2  
  53  4:37  Siege Tank  
  56  4:42  SCV x2  
  58  4:47  Supply Depot, Marine x2  
  60  4:54  SCV  
  60  4:55  SCV  
  62  5:00  Command Center  
  62  5:09  SCV x2  
  62  5:11  Raven  
  62  5:12  Marine x2  
  68  5:15  Supply Depot  
  68  5:26  SCV x2  
  70  5:32  Supply Depot, Refinery  
  70  5:36  Marine x2  
  70  5:37  Siege Tank  
  70  5:40  SCV x2  
  77  5:45  Barracks  
  77  5:46  Barracks  
  77  5:52  SCV  
  77  5:53  SCV  
  79  6:04  SCV  
  79  6:05  SCV  
  79  6:08  Stimpack, Viking x2  
  85  6:12  Siege Tank  
  85  6:13  Orbital Command  
  85  6:18  Marine  
  89  6:27  SCV x2  
  91  6:36  Orbital Command  
  90  6:40  SCV, Barracks Reactor x2, Viking  
  90  6:41  Viking  
  90  6:44  Supply Depot, Siege Tank  
  90  6:45  Supply Depot  
  90  6:46  SCV  
  98  6:52  SCV  
  99  6:54  Marine  
  99  6:58  SCV, Engineering Bay x2  
  101  7:11  SCV, Refinery  
  101  7:12  SCV, Refinery  
  101  7:15  SCV  
  104  7:17  Viking  
  104  7:18  Viking  
  108  7:27  Terran Infantry Weapons Level 1, Terran Infantry Armor Level 1  
  108  7:28  SCV x2  
  108  7:29  SCV  
  111  7:32  Siege Tank  
  113  7:47  Combat Shield, Marine x4  
  117  7:52  Supply Depot, Barracks x2  
  117  7:53  Supply Depot  
  117  8:13  SCV x3, Viking x2, Marine  
  104  8:20  Marine x3  
  90  8:27  Marine  
  90  8:29  SCV x2  
  91  8:34  Siege Tank  
  91  8:35  Marine, Armory  
  91  8:37  SCV  
  91  8:38  Marine x3  
  91  8:40  Barracks Reactor  
  96  8:41  Barracks Reactor, SCV  
  96  8:42  Command Center  
  96  8:48  Sensor Tower  
  97  8:52  Viking x2  
  97  8:53  Supply Depot  
  101  8:58  Missile Turret  
  101  9:01  SCV x3  
  104  9:08  Marine x4  
  104  9:09  Siege Tank  
  111  9:13  SCV x2  
  111  9:15  SCV  
  114  9:21  Factory  
  114  9:22  Marine x4  
  118  9:29  Terran Infantry Weapons Level 2, Terran Infantry Armor Level 2  
  118  9:30  Barracks Reactor  
  118  9:39  Medivac x2  
  118  9:41  Siege Tank  
  118  9:43  Missile Turret  
  125  9:56  Marine x5  
  125  9:59  Marine x2  
  130  10:01  Planetary Fortress  
  130  10:02  Marine  
  130  10:06  Siege Tank  
  135  10:07  Sensor Tower  
  135  10:08  Terran Vehicle Weapons Level 1  
  135  10:10  SCV x2  
  135  10:12  Refinery  
  135  10:13  Refinery  
  135  10:14  Marine x4  
  141  10:25  Starport x2  
  141  10:28  Marine x3  
  142  10:29  Siege Tank  
  142  10:32  SCV x2  
  149  10:39  Command Center  
  149  10:42  Siege Tank  
  146  10:44  Viking  
  146  10:45  Supply Depot, Viking  
  146  10:46  Supply Depot  
  141  11:09  Marine  
  142  11:17  Starport Tech Lab x2  
  141  11:21  Siege Tank x2, Sensor Tower  
  141  11:22  Viking x2, Command Center  
  141  11:23  Marine x3  
  141  11:25  Command Center  
  154  11:26  Marine x2  
  154  11:27  Missile Turret x2, Marine  
  154  11:28  Missile Turret  
  157  11:37  SCV x2  
  157  11:38  Corvid Reactor, Raven  
  157  11:39  Raven  
  146  12:00  Marine  
  136  12:02  Marine x2  
  136  12:03  Siege Tank x2  
  141  12:19  Viking x2  
  141  12:21  Raven  
  143  12:26  Marine x3  
  134  12:30  Marine x5, Orbital Command  
  134  12:31  Marine  
  134  12:33  Marine  
  117  12:37  Viking  
  117  12:43  Orbital Command  
  117  12:44  Marine x3  
  119  12:48  Marine x4  
  119  12:49  Viking  
  119  12:50  Marine x3  
  119  12:51  Siege Tank x2  
  127  12:52  SCV x3  
  128  13:01  Marine  
  123  13:06  SCV x3  
  123  13:07  Orbital Command  
  126  13:13  Terran Ship Weapons Level 1, Raven x2  
  126  13:17  Sensor Tower  
  128  13:22  SCV  
  128  13:23  SCV, Marine x2  
  128  13:25  Medivac x2  
  136  13:30  SCV x2  
  138  13:34  Marine  
  138  13:35  Marine x4  
  143  13:44  Siege Tank  
  143  13:47  SCV x4  
  150  13:56  Armory  
  150  14:01  Refinery  
  150  14:02  Refinery  
  138  14:13  Marine  
  138  14:15  Viking  
  138  14:16  Viking, Marine x3  
  115  14:18  SCV  
  115  14:19  Marine x3  
  115  14:22  Marine x3  
  104  14:27  Raven  
  104  14:28  Raven  
  108  14:31  Marine  
  108  14:34  Marine  
  108  14:38  Siege Tank x2  
  111  14:40  SCV x3  
  111  14:44  Marine x3  
  120  14:48  Orbital Command  
  120  14:50  Marine  
  120  14:51  Marine  
  122  14:53  Sensor Tower  
  122  14:54  Marine x3  
  122  14:59  SCV  
  127  15:00  SCV  
  127  15:01  SCV  
  128  15:10  Raven  
  128  15:11  Raven  
  132  15:14  Marine x2  
  127  15:23  Marine x3  
  127  15:24  Marine  
  127  15:25  Viking  
  127  15:26  SCV  
  103  15:34  Marine  
  103  15:35  Marine  
  99  15:36  Marine x4  
  99  15:38  SCV x2  
  99  15:41  Marine  
  104  15:44  SCV x2  
  105  15:50  Marine x2  
  105  15:53  Raven, Marine  
  105  15:54  Marine  
  110  15:58  Raven  
  110  16:03  Marine x3  
  110  16:04  Marine  
  114  16:12  Marine x2  
  114  16:13  Marine x2  
  114  16:16  Marine x2  
  120  16:21  Marine x3  

Tags
 
Add a new tag
Caveats
  • Supply blocks, unpowered buildings, or Contaminate may cause inaccurate times.
  • Supply counts are checked every 10 seconds.